[gd_scene load_steps=10 format=3 uid="uid://behki51xf5voi"]

[sub_resource type="StyleBoxFlat" id="StyleBoxFlat_q4v3p"]
bg_color = Color(0, 0.639216, 0.403922, 1)
corner_radius_top_left = 6
corner_radius_top_right = 6
corner_radius_bottom_right = 6
corner_radius_bottom_left = 6

[sub_resource type="StyleBoxFlat" id="StyleBoxFlat_ou14r"]
bg_color = Color(0, 0.74, 0.468667, 1)
corner_radius_top_left = 6
corner_radius_top_right = 6
corner_radius_bottom_right = 6
corner_radius_bottom_left = 6

[sub_resource type="StyleBoxFlat" id="StyleBoxFlat_ohqsw"]
bg_color = Color(0, 0.54, 0.342, 1)
corner_radius_top_left = 6
corner_radius_top_right = 6
corner_radius_bottom_right = 6
corner_radius_bottom_left = 6

[sub_resource type="StyleBoxFlat" id="StyleBoxFlat_h6nqe"]
corner_radius_top_left = 6
corner_radius_top_right = 6
corner_radius_bottom_right = 6
corner_radius_bottom_left = 6

[sub_resource type="StyleBoxFlat" id="StyleBoxFlat_g1hii"]
bg_color = Color(0.375, 0, 0.9, 1)
corner_radius_top_left = 6
corner_radius_top_right = 6
corner_radius_bottom_right = 6
corner_radius_bottom_left = 6

[sub_resource type="StyleBoxFlat" id="StyleBoxFlat_4uvo8"]
bg_color = Color(0.415686, 0, 1, 1)
corner_radius_top_left = 6
corner_radius_top_right = 6
corner_radius_bottom_right = 6
corner_radius_bottom_left = 6

[sub_resource type="StyleBoxFlat" id="StyleBoxFlat_x6als"]
bg_color = Color(0.333333, 0, 0.8, 1)
corner_radius_top_left = 6
corner_radius_top_right = 6
corner_radius_bottom_right = 6
corner_radius_bottom_left = 6

[sub_resource type="StyleBoxFlat" id="StyleBoxFlat_m1mjy"]
bg_color = Color(0.8, 0, 0.253333, 1)
corner_radius_top_left = 6
corner_radius_top_right = 6
corner_radius_bottom_right = 6
corner_radius_bottom_left = 6

[sub_resource type="StyleBoxFlat" id="StyleBoxFlat_0j7hw"]
bg_color = Color(1, 0, 0.316667, 1)
corner_radius_top_left = 6
corner_radius_top_right = 6
corner_radius_bottom_right = 6
corner_radius_bottom_left = 6

[node name="Buttons" type="HBoxContainer"]
theme_override_constants/separation = 4
alignment = 2

[node name="HTTPRequest" type="HTTPRequest" parent="."]

[node name="Update" type="Button" parent="."]
visible = false
custom_minimum_size = Vector2(100, 0)
layout_mode = 2
theme_override_styles/normal = SubResource("StyleBoxFlat_q4v3p")
theme_override_styles/hover = SubResource("StyleBoxFlat_ou14r")
theme_override_styles/pressed = SubResource("StyleBoxFlat_ohqsw")
theme_override_styles/disabled = SubResource("StyleBoxFlat_h6nqe")
disabled = true
text = "Update"

[node name="Install" type="Button" parent="."]
visible = false
custom_minimum_size = Vector2(100, 0)
layout_mode = 2
theme_override_styles/normal = SubResource("StyleBoxFlat_g1hii")
theme_override_styles/hover = SubResource("StyleBoxFlat_4uvo8")
theme_override_styles/pressed = SubResource("StyleBoxFlat_x6als")
theme_override_styles/disabled = SubResource("StyleBoxFlat_h6nqe")
disabled = true
text = "Install"

[node name="Remove" type="Button" parent="."]
custom_minimum_size = Vector2(100, 0)
layout_mode = 2
theme_override_styles/normal = SubResource("StyleBoxFlat_m1mjy")
theme_override_styles/hover = SubResource("StyleBoxFlat_0j7hw")
theme_override_styles/pressed = SubResource("StyleBoxFlat_m1mjy")
theme_override_styles/disabled = SubResource("StyleBoxFlat_h6nqe")
disabled = true
text = "Remove"
